 Dungeon Crawl Stone Soup version 0.14.0-17-gc0b17a5 (webtiles) character file.

149 HungrySpirit the Chopper (level 4, 0/38 HPs)
             Began as a Minotaur Gladiator on Apr 18, 2014.
             Slain by a worker ant (1 damage)
             ... while paralysed by Grinder
             ... on Level 4 of the Dungeon.
             The game lasted 00:03:26 (2783 turns).

HungrySpirit the Chopper (Minotaur Gladiator)       Turns: 2783, Time: 00:03:26

HP   0/38        AC  6     Str 21      XL: 4   Next: 39%
MP   2/2         EV  2     Int  8 (10) God:
Gold 54          SH  0     Dex 10      Spells:  0 memorised,  3 levels left

rFire  . . .     SeeInvis .     a - +0 war axe
rCold  . . .     Clarity  .     p - +0 ring mail
rNeg   . . .     Conserve .     (no shield)
rPois  .         rCorr    .     c - +0 hat
rElec  .         rRot     .     s - +0 cloak
SustAb . .       Spirit   .     (no gloves)
rMut   .         Warding  .     (no boots)
Saprov . . .     Stasis   .     (no amulet)
MR     .....                    (no ring)
                                (no ring)

@: paralysed, brilliant, lethally poisoned, not resistant to hostile
enchantments, extremely unstealthy
A: retaliatory headbutt, horns 2
a: no special abilities


You were on level 4 of the Dungeon.
You were hungry.

You visited 1 branch of the dungeon, and saw 4 of its levels.

You collected 54 gold pieces.

Inventory:

Hand weapons
 a - a +0,+0 war axe (weapon)
Missiles
 d - 3 throwing nets (quivered)
Armour
 c - a +0 hat (worn)
 p - a +0 ring mail (worn)
 s - a +0 cloak (worn)
Comestibles
 f - 4 bread rations
 m - 3 meat rations
 r - 2 chokos
Scrolls
 b - 2 scrolls of amnesia {unknown}
 g - 3 scrolls of remove curse {unknown}
 i - 2 scrolls of identify {unknown}
 j - a scroll of fog {unknown}
 n - 3 scrolls of fear {unknown}
 q - a scroll of noise {unknown}
 t - a scroll of enchant armour {unknown}
Potions
 e - a potion of curing {unknown}
 h - a potion of cure mutation {unknown}
 o - a potion of magic {unknown}
 u - a potion of agility {unknown}
 v - a potion of mutation {unknown}


   Skills:
 + Level 3.4 Fighting
 * Level 5.3 Axes
 - Level 2.0 Throwing
 + Level 1.7 Armour
 - Level 3.2 Dodging


You had 3 spell levels left.
You didn't know any spells.

Dungeon Overview and Level Annotations

Branches:
Dungeon (4/15)
 Temple: D:4-7

Altars:
Dithmenos
Nemelex Xobeh

Annotations:
D:4 Grinder


Innate Abilities, Weirdness & Mutations

You reflexively headbutt those who attack you in melee.
You have a pair of horns on your head.


Message History

Unknown command.
You hit the worker ant.
You headbutt the worker ant, but do no damage.
The worker ant is severely wounded.
The worker ant completely misses you. You furiously retaliate!
You headbutt the worker ant, but do no damage.
Grinder gestures at you.
You suddenly lose the ability to move!
The worker ant bites you!
* * * LOW HITPOINT WARNING * * *
You feel sick. The worker ant completely misses you.
You feel sick. The worker ant bites you.
* * * LOW HITPOINT WARNING * * *
The worker ant bites you but does no damage.
* * * LOW HITPOINT WARNING * * *
You feel sick. The worker ant bites you.
* * * LOW HITPOINT WARNING * * *
The worker ant bites you.
* * * LOW HITPOINT WARNING * * *
The worker ant bites you.
You die...

#### ############
...... #..<........
.?....#####.##########
............######
.......#..........##
%$.[....@...........
......5#a...<.....##
......#.###.###.##
..... #.# #.# ≈# ...(
... ... . .... ...#
#.... .## ..... .. ...
.#


You could see Grinder and a worker ant.

Vanquished Creatures
  2 adders
  A giant gecko (D:1)
  An ooze (D:1)
  4 orcs (D:3)
  A ball python (D:1)
  6 goblins
  12 hobgoblins
  7 jackals
  A quokka (D:3)
  11 bats
  3 giant cockroaches
  8 giant newts
  5 kobolds
  6 rats
68 creatures vanquished.

Notes
Turn   | Place    | Note
--------------------------------------------------------------
     0 | D:1      | HungrySpirit, the Minotaur Gladiator, began the quest for the Orb.
     0 | D:1      | Reached XP level 1. HP: 18/18 MP: 1/1
    92 | D:1      | Reached skill level 4 in Axes
   103 | D:1      | Reached XP level 2. HP: 25/25 MP: 1/1
   213 | D:1      | Found a sparkling altar of Nemelex Xobeh.
   668 | D:2      | Reached XP level 3. HP: 31/31 MP: 2/2
   668 | D:2      | Reached skill level 1 in Armour
  1553 | D:3      | Reached skill level 5 in Axes
  1919 | D:3      | Reached XP level 4. HP: 33/38 MP: 2/2
  2130 | D:3      | Found a shadowy altar of Dithmenos.
  2763 | D:4      | Noticed Grinder
  2763 | D:4      | Paralysed by Grinder for 5 turns
  2778 | D:4      | Paralysed by Grinder for 7 turns
  2783 | D:4      | HP: 1/38 [worker ant (1)]
  2783 | D:4      | Slain by a worker ant

Action                   |  1- 3 |  4- 6 || total
-------------------------+-------+-------++-------
Melee: War axe           |   107 |    35 ||   142
  Use: Potion            |       |     2 ||     2
